 Dungeon Crawl Stone Soup version 0.30.1-11-g7821555f0a (webtiles) character file.

Game seed: 13448689949375387679

156 SacredBeard the Grave Robber (level 5, -3/37 HPs)
             Began as a Demonspawn Necromancer on Nov 27, 2023.
             Killed by divine providence
             ... invoked by an orc priest
              (15 damage)
             ... on level 3 of the Dungeon.
             The game lasted 00:06:47 (2837 turns).

SacredBeard the Grave Robber (DsNe)                 Turns: 2837, Time: 00:06:47

Health: -3/37      AC:  4    Str:  8    XL:     5   Next: 15%
Magic:  5/8        EV: 11    Int: 17    God:
Gold:   109        SH: 11    Dex: 15    Spells: 7/8 levels left

rFire   . . .        u - +2 dagger (venom)
rCold   . . .        h - +0 buckler
rNeg    . . .        a - +0 robe
rPois   .            t - +0 helmet
rElec   .            (no cloak)
rCorr   .            n - +0 pair of gloves
SInv    .            (no boots)
Will    .....        (no amulet)
Stlth   ++           (no ring)
HPRegen 0.26/turn    (no ring)
MPRegen 0.11/turn

%: no passive effects
@: no status effects
A: large bone plates 1, condensation shield, demonic touch 1
a: no special abilities


You were on level 3 of the Dungeon.
You visited 1 branch of the dungeon, and saw 3 of its levels.

You collected 109 gold pieces.

Inventory:

Hand Weapons
 d - a +0 falchion
 u - a +2 dagger of venom (weapon)
 v - a +0 spear
Missiles
 l - 6 stones
 p - a throwing net
Armour
 a - a +0 robe (worn)
 h - a +0 buckler (worn)
 n - a +0 pair of gloves (worn)
 t - a +0 helmet (worn)
Jewellery
 k - a ring of fire
Wands
 s - a wand of polymorph (5)
Scrolls
 b - 3 scrolls of fog {unknown}
 c - 2 scrolls of identify {unknown}
 i - a scroll of magic mapping {unknown}
 j - a scroll of fear {unknown}
 m - a scroll of noise {unknown}
 q - 3 scrolls of teleportation {unknown}
 r - a scroll of vulnerability {unknown}
Potions
 e - 2 potions of brilliance {unknown}
 f - a potion of magic
 g - a potion of resistance {unknown}
 o - a potion of flight {unknown}
 w - a potion of haste {unknown}


   Skills:
 + Level 1.4 Fighting
 + Level 1.3 Throwing
 + Level 1.2 Armour
 - Level 2.0 Dodging
 + Level 2.6 Stealth
 - Level 2.0 Spellcasting
 * Level 5.2 Necromancy
 + Level 1.4 Evocations


You had 7 spell levels left.
You knew the following spells:

 Your Spells              Type           Power      Damage    Failure   Level
a - Necrotise             Necr           76%        1d7       3%          1

Your spell library contained the following spells:

 Spells                   Type           Power      Damage    Failure   Level
 Vampiric Draining        Necr           19%        2d7       11%         3
 Summon Small Mammal      Summ           4%         N/A       30%         1
 Animate Dead             Necr           19%        N/A       34%         4
 Call Canine Familiar     Summ           1%         N/A       67%         3
 Summon Guardian Golem    Hex/Summ       1%         N/A       67%         3
 Agony                    Necr           19%        N/A       69%         5


Dungeon Overview and Level Annotations

Branches:
Dungeon (3/15) Zot: 15151

Altars:


Innate Abilities, Weirdness & Mutations

You are partially covered in large bone plates. (SH +4)
A meltable shield of frost defends you. (SH +4)
Your touch may inflict minor irresistible damage on your foes.


Message History

w - a glowing grey potion
e - 2 fuming puce potions (gained 1)
A jackal comes into view. x2
You can't see any susceptible monsters within range! (Use Z to cast anyway.)
A rat comes into view.
Found a stone staircase leading up.
The jackal barks!
You hear a shout!
The jackal barks!
An orc priest comes into view. It is wielding a +0 hand axe.
An orc comes into view. It is wielding a +0 short sword.
The jackal writhes in agony.
The orc shouts!
The jackal writhes in agony.
The jackal writhes in agony!
You kill the jackal!
The dead are walking!
You block the jackal's attack.
The rat writhes in agony.
You kill the rat!
The dead are walking!
The jackal bites you but does no damage.
Your jackal skeleton bites the orc priest but does no damage.
An orc comes into view. It is wielding a +0 short sword.
The orc priest mumbles some strange prayers to Beogh against you.
Beogh smites you! The jackal attacks as you move away!
The jackal barely misses you.
Your jackal skeleton bites the orc priest but does no damage.
You block the jackal's attack. The jackal attacks as you move away!
The jackal misses you.
A goblin comes into view. It is wielding a +0 club.
The orc priest mumbles some strange prayers to Beogh against you.
Beogh smites you! The jackal attacks as you move away!
The jackal bites you but does no damage.
The goblin barely misses your jackal skeleton.
Your jackal skeleton closely misses the orc.
The jackal bites you. Something hits your jackal skeleton!
Your jackal skeleton is destroyed!
The jackal barely misses you.
The orc priest invokes the aid of Beogh against you.
Beogh smites you!
You die...

#... #...## ###....##
#.......## ##
#.##..#..###### .##
#............. ..##
#..........# ....
...###......>...###
....
...##...........@h###
.<...
..<.............#...##
.....
...#######.########o.#
.Z.... ...#######.##
##.###......
............#
#.gZ.......
..########......#
#...o...o.. ...#
##.....# #..##......
...# .....#....##
..... ...# .......####
....


You could see an orc priest, an orc, a jackal (ally target), a goblin and a
friendly rat skeleton.

Vanquished Creatures
  Robin (D:2)
  4 gnolls
  4 adders
  A worm (D:2)
  3 dart slugs (D:2)
  3 ball pythons
  5 endoplasms
  3 giant cockroaches (D:1)
  8 goblins
  8 hobgoblins
  4 jackals
  2 quokkas (D:1)
  4 bats
  3 frilled lizards
  5 rats
58 creatures vanquished.

Vanquished Creatures (collateral kills)
  A ball python (D:1)
  A frilled lizard (D:2)
  3 goblins
5 creatures vanquished.

Grand Total: 63 creatures vanquished

Notes
Turn   | Place    | Note
-------+----------+-------------------------------------------
     0 | D:1      | SacredBeard the Demonspawn Necromancer began the quest for
                  | the Orb.
     0 | D:1      | Reached XP level 1. HP: 13/13 MP: 3/3
   105 | D:1      | Gained mutation: You are partially covered in large bone
                  | plates. (SH +4) [demonic ancestry]
   105 | D:1      | Reached XP level 2. HP: 19/19 MP: 0/5
  1025 | D:2      | Gained mutation: A meltable shield of frost defends you.
                  | (SH +4) [demonic ancestry]
  1025 | D:2      | Reached XP level 3. HP: 25/25 MP: 3/6
  1314 | D:2      | Reached skill level 1 in Fighting
  1379 | D:2      | Reached skill level 1 in Evocations
  1381 | D:2      | Reached skill level 1 in Throwing
  1644 | D:2      | Reached skill level 5 in Necromancy
  1644 | D:2      | Reached XP level 4. HP: 32/32 MP: 3/7
  1717 | D:1      | Reached skill level 1 in Armour
  2310 | D:2      | Noticed Robin
  2424 | D:2      | Killed Robin
  2721 | D:3      | Gained mutation: Your touch may inflict minor irresistible
                  | damage on your foes. [demonic ancestry]
  2721 | D:3      | Reached XP level 5. HP: 37/37 MP: 4/8
  2837 | D:3      | Killed from afar by an orc priest

Illustrated notes

Levels and vault maps discovered:
D:1:      minmay_arrival_four_houses, layout_basic
D:2:      layout_basic, chequers_serial_rivers_room_a,
          kennysheep_generic_room_15, uniq_robin
D:3:      layout_rooms, serial_shops, shop

Skill      XL: |  1  2  3  4 |
---------------+-------------+-----
Stealth        | 2 |  2.6
Dodging        | 2 |  2.0
Fighting       | 1 |  1.4
Evocations     | 1 |  1.4
Throwing       | 1 |  1.3
Necromancy     | 5 |  5.2
Armour         | 1 |  1.2
Spellcasting   | |  2.0

Action                     |  1- 3 |  4- 6 || total
---------------------------+-------+-------++-------
  Melee: Unarmed           |     7 |       ||     7
         Falchion          |    12 |    16 ||    28
  Throw: Stone             |     2 |     1 ||     3
   Cast: Necrotise         |    83 |    47 ||   130
    Use: Potion            |     1 |       ||     1
 Armour: Robe              |     4 |     9 ||    13
  Dodge: Dodged            |    27 |    18 ||    45
  Block: Other             |     8 |    11 ||    19
         Buckler           |       |     8 ||     8
